cohdb
Replays
Latest Replays
All Replays
Popular Replays
Top Player Replays
Match Explorer
How It Works
Community
CoH3 Stats
Reddit
Sign in to upload your games and track your stats! →
Sign in with Steam
Match 46667095
Unlisted
Match 46667095
Overview
Messages
Build Orders
End
Royal Engineer Section
Vickers Machine Gun Team
Selects Indian Artillery Battlegroup
Construct Section Command Post
Dingo Light Scout Car
Infantry Section
Selects War Cry
Construct Platoon Command Post
Selects Gurkha Rifles Section
Gurkha Rifles Section
Unlock M3 Stuart Light Tanks
M3 Stuart Light Tank
Gurkha Rifles Section
6-pounder Anti-tank Gun Team
Construct Field Infirmary
Construct Company Command Post
Infantry Training
Selects Volunteer Infantry
Team Weapon Training
Unlock M3 Grant Medium Tanks
Selects Towed ML 4.2-inch Heavy Mortar
M3 Grant Medium Tank
M3 Grant Medium Tank
Selects Off-map Airburst Barrage
M3 Grant Medium Tank
Polka_Pete
Individual #1
0
0
Comments
sign in to comment!
No comments posted yet!